 Dungeon Crawl Stone Soup version 0.29.1-1-gd02db69 (webtiles) character file.

Game seed: 14040913574133070760

536 Vaargak the Conjurer (level 7, -6/53 HPs)
             Began as a Purple Draconian Conjurer on Sept 26, 2022.
             Was an Initiate of Ashenzari.
             Killed from afar by a gnoll sergeant (7 damage)
             ... with a puff of flame
             ... on level 5 of the Dungeon.
             The game lasted 00:41:08 (5192 turns).

Vaargak the Conjurer (Purple Draconian Conjurer)    Turns: 5192, Time: 00:41:11

Health: -6/53      AC:  7    Str: 11    XL:     7   Next: 4%
Magic:  13/13      EV: 12    Int: 19    God:    Ashenzari [......]
Gold:   301        SH:  0    Dex:  9    Spells: 8/14 levels left

rFire   . . .      SeeInvis .   A - +6 arbalest of Bodily Humours {elec, rElec rN+ Will-}
rCold   . . .      Faith    .   (shield currently unavailable)
rNeg    + . .      Spirit   .   (body armour unavailable)
rPois   .          Reflect  .   (helmet restricted)
rElec   +          Harm     .   (no cloak)
rCorr   .          Rampage  .   i - +0 pair of gloves of Ashenzari's Atheism {Melee, Alch} (curse)
Will    .....                   (no boots)
Stlth   ++........              (no amulet)
HPRegen 0.17/turn               (no ring)
MPRegen 0.13/turn               (no ring)

@: no status effects
A: breathe power, AC +6, unfitting armour, cold-blooded
a: Breathe Dispelling Energy, Renounce Religion, Curse Item, Shatter the Chains


You were on level 5 of the Dungeon.
You worshipped Ashenzari.
Ashenzari was noncommittal.
You visited 1 branch of the dungeon, and saw 5 of its levels.

You collected 301 gold pieces.

Inventory:

Hand Weapons
 c - a +0 hand axe
 o - a +0 halberd
 t - a +0 battleaxe
 A - the +6 arbalest of Bodily Humours (weapon) {elec, rElec rN+ Will-}
   (You took it off an orc on level 5 of the Dungeon)

   Any ammunition fired from it occasionally discharges a powerful burst of
   electricity upon striking a foe.
   rElec:     It insulates you from electricity.
   rN:        It protects you from negative energy.
   Will:      It decreases your willpower.
Missiles
 n - a throwing net (quivered)
Armour
 i - the cursed +0 pair of gloves of Ashenzari's Atheism (worn) {Melee, Alch}
   (You found it on level 1 of the Dungeon)

   It has a curse which improves the following skills: Melee Combat: Short
   Blades, Long Blades, Axes, Maces & Flails, Polearms, Staves and Unarmed
   Combat.
   Alchemy:   Poison Magic and Transmutations.
 u - a +0 pair of gloves
 y - the +4 scale mail of the Shore {+Blink Will++ rCorr Str-3}
   (You took it off an orc on level 4 of the Dungeon)

   Str:       It affects your strength (-3).
   +Blink:    It lets you blink.
   rCorr:     It protects you from acid and corrosion.
   Will:      It greatly increases your willpower.
Wands
 v - a wand of iceblast (2)
Scrolls
 e - a scroll of brand weapon {unknown}
 g - a scroll of fog {unknown}
 h - a scroll of immolation {unknown}
 k - 2 scrolls of enchant armour
 p - a scroll of torment {unknown}
 r - a scroll of silence {unknown}
 w - a scroll of enchant weapon {unknown}
 x - a scroll of acquirement {unknown}
 z - a scroll of teleportation {unknown}
Potions
 a - 3 potions of magic
 d - 4 potions of invisibility
 f - 3 potions of haste
 j - 2 potions of degeneration
 l - a potion of lignification {unknown}
 m - a potion of brilliance {unknown}
 q - a potion of mutation {unknown}
 s - 2 potions of curing


   Skills:
 + Level 1.6 Fighting
 + Level 2.7(3.3) Axes
 + Level 1.5(2.6) Polearms
 * Level 1.4 Ranged Weapons
 + Level 2.6 Dodging
 + Level 2.7 Stealth
 + Level 4.2 Spellcasting
 + Level 5.4 Conjurations
 + Level 0.3 Evocations


You had 8 spell levels left.
You knew the following spells:

 Your Spells              Type           Power      Damage    Failure   Level
a - Magic Dart            Conj           96%        1d7       1%          1
b - Necrotise             Necr           16%        1d4       14%         1
c - Summon Small Mammal   Summ           16%        N/A       13%         1
d - Dazzling Flash        Conj/Hex       28%        N/A       13%         3

Your spell library contained the following spells:

 Spells                   Type           Power      Damage    Failure   Level
 Searing Ray              Conj           48%        2d6       2%          2
 Apportation              Tloc           8%         N/A       14%         1
 Fulminant Prism          Conj/Hex       7%         3d7       41%         4
 Iskenderun's Mystic Bla  Conj/Tloc      14%        2d5       41%         4


Dungeon Overview and Level Annotations

Branches:
Dungeon (5/15)
 Temple: D:4-7

Altars:
Ashenzari


Innate Abilities, Weirdness & Mutations

You can breathe bolts of dispelling energy.
Your rich purple scales are hard. (AC +6)
You cannot fit into any form of body armour.
You are cold-blooded and may be slowed by cold attacks.


Message History

Press: ? - help, Shift-Dir - straight line, f/p - gnoll
Aim: a gnoll, wielding a +0 flail and quivering stones (60% to hit)
You shoot a bolt. The bolt hits the gnoll sergeant.
The gnoll sergeant is moderately wounded.
The gnoll sergeant barely misses you.
The gnoll sergeant hits you from afar with a +0 trident.
* * * LOW HITPOINT WARNING * * *
As you read the scroll of fear, it crumbles to dust.
You assume a fearsome visage.
The gnoll sergeant looks frightened!
The gnoll looks frightened!
You start resting.
A gnoll sergeant is nearby!
A gnoll sergeant is nearby!
Casting: Summon Small Mammal (safe; 13% risk of failure)
Confirm with . or Enter, or press ? or * to list all spells.
You don't know that spell.
Fire: A) +6 arbalest of Bodily Humours {elec, rElec rN+ Will-}
Press: ? - help, Shift-Dir - straight line, f - gnoll sergeant
Aim: a gnoll sergeant, wielding a +0 trident, wearing a +0 scale mail and carrying a wand of flame (15) (lightly wounded, wandering, hasn't noticed you, 64% to hit)
You shoot a bolt. The gnoll sergeant shouts!
The bolt hits the gnoll sergeant.
The gnoll sergeant is moderately wounded.
The gnoll sergeant zaps a wand.
The puff of flame hits you!
* * * LOW HITPOINT WARNING * * *
The gnoll sergeant hits you from afar with a +0 trident.
* * * LOW HITPOINT WARNING * * *
Fire: A) +6 arbalest of Bodily Humours {elec, rElec rN+ Will-}
Press: ? - help, Shift-Dir - straight line, f/p - gnoll sergeant
Aim: a gnoll sergeant, wielding a +0 trident, wearing a +0 scale mail and carrying a wand of flame (14) (moderately wounded, 64% to hit)
You shoot a bolt. The bolt hits the gnoll sergeant!
The gnoll sergeant is heavily wounded.
The gnoll sergeant misses you. The gnoll sergeant closely misses you.
Fire: A) +6 arbalest of Bodily Humours {elec, rElec rN+ Will-}
Press: ? - help, Shift-Dir - straight line, f/p - gnoll sergeant
Aim: a gnoll sergeant, wielding a +0 trident, wearing a +0 scale mail and carrying a wand of flame (14) (heavily wounded, 64% to hit)
You shoot a bolt. The bolt hits the gnoll sergeant.
The gnoll sergeant is heavily wounded.
The gnoll sergeant zaps a wand.
The puff of flame hits you!
You die...

>... ... ..... .# #.g
.##.. ...##.. .. .....
## #.##..#######
#.g.)<.....#
#....#####.#
#.#..#..@#.#
#.##..#....g# #######
...#.....########......
###.##.#....†......####.
#.......########## Y
#...# ####.#### . #...#
#.# . #...# #.## . #...#
###..########## .


You could see a gnoll sergeant.

Vanquished Creatures
  Blork the orc (D:4)
  2 scorpions (D:5)
  A necrophage (D:5)
  2 orc priests (D:3)
  2 iguanas (D:4)
  4 gnolls
  5 adders
  A white imp (D:5)
  A dart slug (D:4)
  13 orcs
  3 bats
  2 endoplasms
  6 giant cockroaches
  6 goblins
  5 hobgoblins
  2 jackals (D:1)
  3 quokkas
  10 ball pythons
  3 frilled lizards
  8 kobolds
  6 rats
86 creatures vanquished.

Vanquished Creatures (others)
  11 plants
11 creatures vanquished.

Grand Total: 97 creatures vanquished

Notes
Turn   | Place    | Note
-------+----------+-------------------------------------------
     0 | D:1      | Vaargak the Draconian Conjurer began the quest for the Orb.
     0 | D:1      | Reached XP level 1. HP: 14/14 MP: 3/3
    74 | D:1      | Found a faded altar of an unknown god.
   227 | D:1      | Prayed at the altar of an unknown god.
   227 | D:1      | Became a worshipper of Ashenzari the Shackled
   371 | D:1      | Reached XP level 2. HP: 14/20 MP: 5/5
  1436 | D:2      | Reached XP level 3. HP: 26/26 MP: 0/6
  2040 | D:2      | Reached XP level 4. HP: 33/33 MP: 3/7
  2114 | D:3      | Reached skill level 1 in Axes
  2114 | D:3      | Reached skill level 5 in Conjurations
  2419 | D:3      | Paralysed by a goblin for 2 turns
  2679 | D:3      | Reached XP level 5. HP: 20/39 MP: 7/9
  3379 | D:4      | Reached skill level 1 in Polearms
  3633 | D:4      | Noticed Blork the orc
  3636 | D:4      | Killed Blork the orc
  3637 | D:4      | Reached skill level 1 in Fighting
  3637 | D:4      | Reached XP level 6. HP: 44/47 MP: 10/10
  4079 | D:4      | Identified the +4 scale mail of the Shore {+Blink Will++
                  | rCorr Str-3}
  4398 | D:5      | Entered Level 5 of the Dungeon
  4517 | D:5      | Identified the +6 arbalest of Bodily Humours {elec, rElec
                  | rN+ Will-}
  5014 | D:5      | Learned a level 1 spell: Necrotise
  5087 | D:5      | Reached skill level 1 in Ranged Weapons
  5105 | D:5      | Noticed a yak
  5129 | D:5      | Learned a level 1 spell: Summon Small Mammal
  5138 | D:5      | HP: 2/46 [gnoll sergeant/+0 trident (4)]
  5139 | D:5      | Your scales start taking on a rich purple colour.
  5139 | D:5      | Reached XP level 7. HP: 2/53 MP: 11/13
  5144 | D:5      | Learned a level 3 spell: Dazzling Flash
  5190 | D:5      | HP: 2/53 [gnoll sergeant/puff of flame (7)]
  5192 | D:5      | Killed from afar by a gnoll sergeant

Illustrated notes

Levels and vault maps discovered:
D:1:      sevenhm_arrival_forest_fort_small_4, layout_loops_ring,
          nicolae_ecumenical_snake_handling, minivault_11, minmay_statues_item
D:2:      layout_loops_ring
D:3:      layout_loops_ring, chequers_serial_rivers_marsh
D:4:      layout_basic, grunt_decor_one_mirror, uniq_blork_the_orc
D:5:      layout_loops_cross, ebering_ghost_disaster_area, nicolae_grassy_gnolls

Skill      XL: |  1  2  3  4  5  6 |
---------------+-------------------+-----
Dodging        | 2 |  2.6
Stealth        | 2 |  2.7
Axes           | 1 2 |  2.7
Conjurations   | 5 |  5.4
Spellcasting   | 3 4 |  4.2
Polearms       | 1 |  1.5
Fighting       | 1 |  1.6
Ranged Weapons | 1 |  1.4
Evocations     | |  0.3

Action                   |  1- 3 |  4- 6 |  7- 9 || total
-------------------------+-------+-------+-------++-------
Melee: Hand axe          |    30 |    14 |       ||    44
       Tailslap          |     1 |    13 |       ||    14
       Halberd           |       |    27 |       ||    27
       Battleaxe         |       |    43 |       ||    43
 Fire: Arbalest          |       |    16 |     5 ||    21
 Cast: Magic Dart        |    54 |    67 |       ||   121
       Summon Small Mamm |       |     1 |       ||     1
Invok: Curse Item        |       |     1 |       ||     1
Evoke: Wand              |       |     3 |       ||     3
  Use: Scroll            |       |     6 |     2 ||     8
 Stab: Sleeping          |       |     1 |       ||     1
Armor: Skin              |     7 |    18 |       ||    25
Dodge: Dodged            |    22 |    72 |     3 ||    97
